Map: King's Cove LE

Players

Future - Winner!

  • Race: Terran Terran
  • League: Master
  • Spawn Location: 5:00

Jason

  • Race: Terran Terran
  • League: Master
  • Spawn Location: 11:00

VOD

Have the link to the VOD?

Description

Time

  • Played on: May 24, 2019, 7:46 p.m.
  • Length: 19:01
Show
View Real Time Build Order
Export as new Build Order

Future Terran - Winner!

Build Orders: Gas First Reaper Expand, Liberator Opening 

Get SALT Encoding   

  12  0:00  SCV  
  13  0:13  SCV  
  14  0:18  Supply Depot  
  14  0:25  SCV  
  15  0:30  Refinery  
  15  0:39  SCV  
  16  0:46  Barracks  
  16  0:51  SCV  
  17  1:03  SCV  
  18  1:16  SCV  
  19  1:33  Orbital Command, Reaper  
  20  1:45  Command Center  
  20  1:59  SCV  
  21  2:02  Factory  
  21  2:10  Barracks Reactor  
  21  2:11  SCV  
  22  2:17  Supply Depot  
  22  2:20  Refinery  
  22  2:24  SCV  
  23  2:38  SCV  
  24  2:48  Starport  
  24  2:50  SCV  
  25  2:52  Hellion x2  
  29  2:59  Orbital Command  
  29  3:02  SCV  
  30  3:11  Liberator  
  30  3:13  Hellion  
  30  3:15  Hellion  
  30  3:17  SCV  
  35  3:29  SCV  
  35  3:31  SCV  
  40  3:35  Hellion  
  40  3:39  Hellion  
  43  3:43  Supply Depot  
  43  3:46  SCV  
  45  3:48  SCV  
  45  3:54  Refinery  
  45  3:58  SCV  
  46  4:05  SCV, Hellion x2  
  46  4:07  Supply Depot  
  51  4:10  SCV, Barracks Tech Lab  
  51  4:11  Starport Tech Lab  
  52  4:17  SCV  
  52  4:21  Supply Depot  
  52  4:22  SCV  
  54  4:29  SCV  
  55  4:32  Raven  
  55  4:34  SCV  
  58  4:39  Siege Tank  
  58  4:41  SCV  
  58  4:43  Supply Depot  
  62  4:46  SCV  
  63  4:53  SCV  
  60  5:01  SCV  
  60  5:04  Marine  
  60  5:05  SCV, Marine  
  64  5:10  Command Center  
  64  5:11  Siege Tank  
  64  5:12  Supply Depot  
  64  5:13  SCV  
  68  5:14  Raven  
  68  5:17  SCV  
  68  5:18  Refinery  
  71  5:22  Marine x2  
  71  5:25  SCV  
  74  5:29  SCV  
  74  5:35  Engineering Bay x2  
  75  5:37  SCV  
  76  5:43  Siege Tank  
  76  5:45  SCV  
  76  5:48  Marine  
  76  5:49  SCV, Marine  
  83  5:51  Supply Depot  
  83  5:57  SCV  
  84  6:01  SCV  
  84  6:02  Terran Infantry Armor Level 1, Terran Infantry Weapons Level 1  
  85  6:10  Barracks  
  85  6:11  Barracks  
  85  6:12  SCV, Barracks  
  85  6:13  Barracks  
  87  6:18  Siege Tank  
  87  6:23  SCV  
  87  6:24  Orbital Command  
  87  6:25  SCV  
  81  6:29  Viking  
  83  6:33  Viking  
  83  6:36  SCV  
  83  6:37  SCV  
  83  6:38  Stimpack  
  85  6:41  Marine  
  86  6:48  SCV  
  86  6:49  SCV  
  86  6:50  Siege Tank  
  86  6:51  Supply Depot  
  86  6:54  SCV  
  88  7:00  SCV  
  88  7:03  SCV  
  88  7:08  SCV  
  87  7:12  SCV, Refinery  
  87  7:13  Supply Depot, Refinery  
  87  7:15  Armory  
  85  7:16  SCV  
  85  7:17  Barracks Reactor x4  
  85  7:19  Viking  
  85  7:22  SCV, Siege Tank  
  87  7:24  SCV, Viking  
  87  7:25  Marine  
  87  7:28  SCV, Supply Depot  
  92  7:34  SCV  
  92  7:37  SCV  
  94  7:41  SCV  
  94  7:42  Marine  
  96  7:44  Supply Depot x2  
  96  7:51  Viking  
  98  7:53  Viking  
  98  7:54  Siege Tank  
  98  7:55  SCV  
  100  8:00  Marine x2  
  100  8:02  Marine x7  
  104  8:06  Terran Infantry Weapons Level 2  
  104  8:07  Terran Infantry Armor Level 2  
  104  8:11  Terran Vehicle Weapons Level 1  
  104  8:22  Marine x5  
  104  8:23  Command Center  
  104  8:24  Marine x2  
  104  8:26  Marine  
  112  8:27  Marine  
  112  8:31  Sensor Tower  
  112  8:34  Siege Tank  
  116  8:39  Medivac x2  
  120  8:43  SCV, Supply Depot  
  120  8:44  SCV  
  120  8:47  Marine x2  
  121  8:52  Sensor Tower, Marine x7  
  126  9:05  Marine x2  
  126  9:07  Siege Tank  
  126  9:09  Marine  
  128  9:10  Marine x6  
  128  9:11  Medivac x2  
  139  9:23  Marine x2  
  129  9:27  Marine  
  129  9:28  Marine x6  
  132  9:40  Marine  
  132  9:41  Medivac, Marine  
  132  9:45  Marine x6  
  118  9:48  Marine  
  118  9:50  Siege Tank  
  118  9:52  Command Center  
  125  9:53  Factory  
  125  9:58  Marine  
  125  9:59  Medivac, Marine  
  121  10:03  Marine x2  
  123  10:07  Combat Shield  
  123  10:08  Marine x3  
  123  10:11  Medivac  
  123  10:12  Marine  
  123  10:13  Marine  
  126  10:16  Marine  
  126  10:17  Marine  
  126  10:21  Marine x2  
  106  10:22  Siege Tank  
  106  10:26  Marine x3  
  111  10:30  Marine x2  
  111  10:31  Medivac  
  111  10:34  Marine  
  116  10:36  Marine  
  116  10:38  Marine  
  116  10:39  Marine  
  116  10:40  Factory Tech Lab  
  119  10:44  Marine x3  
  119  10:48  Marine x2  
  124  10:52  Marine  
  124  10:54  Marine, Siege Tank  
  124  10:56  Marine, Liberator x2  
  124  10:57  Marine  
  130  11:02  Marine x3  
  130  11:03  Siege Tank  
  134  11:10  Marine  
  134  11:11  Marine x2  
  135  11:12  Marine  
  135  11:15  Marine  
  135  11:17  Marine  
  144  11:19  Marine  
  144  11:24  Marine x2  
  147  11:26  Siege Tank  
  147  11:28  Marine x2  
  147  11:31  Marine  
  153  11:33  Marine  
  153  11:36  Marine  
  153  11:39  Supply Depot x2  
  155  11:49  Marine x4  
  155  11:51  Terran Infantry Weapons Level 3  
  155  11:54  Terran Infantry Armor Level 3  
  158  12:05  Siege Tank  
  158  12:06  Siege Tank  
  164  12:12  Marine  
  150  12:18  Viking  
  150  12:21  Marine  
  150  12:22  Marine x5  
  155  12:23  Marine  
  159  12:34  Marine  
  159  12:35  Marine  
  158  12:38  Marine  
  158  12:39  Marine  
  158  12:40  Marine x4  
  158  12:42  Marine  
  155  12:49  Siege Tank  
  156  12:52  Marine  
  156  12:53  Marine  
  156  12:55  Siege Tank  
  156  12:56  Marine  
  156  12:57  Marine  
  156  12:58  Marine x4  
  164  13:02  Marine  
  167  13:09  Viking x2  
  167  13:10  Marine  
  167  13:11  Marine  
  173  13:14  Marine  
  173  13:15  Marine  
  175  13:20  Planetary Fortress  
  175  13:21  Command Center, Siege Tank  
  175  13:22  Marine  
  179  13:30  Marine, Siege Tank  
  182  13:36  Marine  
  182  13:39  Viking x2  
  166  13:53  Siege Tank  
  162  14:01  Marine  
  163  14:03  Siege Tank  
  163  14:04  Marine  
  163  14:05  Marine  
  163  14:09  Viking x2, Marine  
  168  14:10  Marine  
  168  14:11  Marine  
  168  14:14  Marine  
  171  14:18  Command Center  
  171  14:19  Sensor Tower  
  168  14:25  Siege Tank  
  168  14:27  Marine x6  
  177  14:32  Terran Vehicle Weapons Level 2, Marine  
  177  14:35  Siege Tank  
  177  14:36  Marine x2  
  183  14:45  Marine x2  
  162  14:46  Marine  
  162  14:47  Marine x2, Liberator x2  
  162  14:48  Marine  
  162  14:50  Marine  
  124  14:54  Marine x2  
  124  14:57  Siege Tank  
  125  15:02  Marine  
  125  15:05  Marine  
  133  15:07  Siege Tank  
  133  15:09  Marine  
  133  15:10  Marine x4  
  133  15:12  Marine  
  142  15:21  Marine x2  
  142  15:23  Marine  
  142  15:27  Marine  
  142  15:28  Marine x2  
  148  15:29  Siege Tank  
  148  15:32  Sensor Tower  
  151  15:38  Sensor Tower  
  151  15:39  Siege Tank  
  151  15:40  Marine  
  151  15:41  Marine x2  
  151  15:42  Marine  
  158  15:47  Marine  
  158  15:48  Marine x4  
  135  15:58  Marine x3  
  135  16:00  Marine  
  135  16:01  Siege Tank  
  135  16:03  Viking x2  
  139  16:05  Marine x2  
  139  16:09  Marine x2  
  139  16:10  Marine  
  139  16:16  Marine x2  
  139  16:17  Marine  
  139  16:18  Marine  
  140  16:21  Siege Tank  
  140  16:23  Marine x2  
  143  16:27  Marine  
  143  16:28  Marine  
  143  16:31  Marine  
  141  16:33  Viking  
  141  16:34  Marine x3  
  141  16:35  Marine  
  141  16:39  Siege Tank  
  133  16:41  Marine x2  
  133  16:45  Marine x2  
  124  16:49  Marine  
  124  16:51  Planetary Fortress  
  114  16:56  Marine x3  
  111  17:02  SCV  
  111  17:03  SCV  
  111  17:05  Marine  
  102  17:12  Marine  
  101  17:16  Planetary Fortress  
  99  17:23  SCV x2  
  99  17:25  SCV  
  99  17:26  Marine  
  104  17:30  Medivac  
  104  17:33  Medivac  
  105  17:45  Marine x2  
  105  17:46  Marine x7  
  114  17:52  Siege Tank  
  114  17:55  Siege Tank  
  120  18:04  Medivac x2  
  124  18:06  Marine  
  124  18:08  Marine x5  
  130  18:13  Marine  
  130  18:18  Marine  
  130  18:19  Marine  
  133  18:23  Marine  
  133  18:25  Marine  
  133  18:26  Marine x4  
  135  18:28  Siege Tank  
  135  18:31  Marine  
  139  18:38  Marine  
Show
View Real Time Build Order
Export as new Build Order

Jason Terran 

Build Orders:  

Get SALT Encoding   

  12  0:01  SCV  
  13  0:13  SCV  
  14  0:18  Supply Depot  
  14  0:25  SCV  
  15  0:29  Refinery  
  15  0:39  SCV  
  16  0:47  Barracks  
  16  0:54  SCV  
  17  1:03  Refinery  
  17  1:06  SCV  
  18  1:18  SCV  
  19  1:35  Orbital Command, Reaper  
  20  1:40  Factory  
  20  1:51  Supply Depot  
  20  2:01  SCV  
  21  2:07  Reaper  
  22  2:13  SCV  
  23  2:25  SCV, Hellion  
  26  2:37  Command Center  
  26  2:38  SCV  
  26  2:42  Reaper  
  28  2:48  Hellion  
  28  2:51  Supply Depot  
  30  2:55  SCV  
  31  3:03  Starport  
  31  3:13  SCV  
  31  3:14  Barracks Tech Lab, Factory Tech Lab  
  32  3:25  SCV  
  33  3:37  Cyclone  
  33  3:38  SCV  
  37  3:46  Barracks Reactor  
  37  3:47  Refinery  
  37  3:57  Raven  
  37  3:58  Orbital Command  
  37  4:00  SCV  
  39  4:12  SCV  
  39  4:13  Siege Tank  
  43  4:18  Supply Depot  
  43  4:23  Marine x2  
  43  4:24  SCV  
  46  4:25  SCV  
  47  4:36  SCV  
  47  4:37  SCV  
  49  4:41  Raven, Marine x2  
  49  4:43  Orbital Command  
  53  4:46  Orbital Command  
  53  4:48  SCV  
  53  4:49  SCV, Siege Tank  
  58  4:54  Supply Depot  
  56  5:01  Command Center  
  55  5:10  SCV  
  55  5:12  SCV  
  59  5:22  SCV  
  59  5:24  SCV  
  59  5:25  Siege Tank  
  62  5:34  SCV  
  63  5:36  SCV  
  63  5:39  Marine  
  63  5:41  Stimpack  
  65  5:46  SCV, Viking  
  65  5:48  SCV  
  69  5:51  Supply Depot  
  69  5:52  Supply Depot  
  69  5:57  Marine  
  70  6:10  Barracks x2  
  70  6:12  SCV x2, Viking  
  72  6:20  Siege Tank  
  72  6:24  Viking  
  73  6:29  SCV  
  73  6:31  Marine  
  75  6:35  SCV  
  75  6:38  Engineering Bay  
  75  6:39  Engineering Bay  
  76  6:42  SCV, Viking  
  76  6:43  Refinery  
  79  6:47  SCV  
  79  6:53  Viking, Orbital Command  
  70  7:11  Marine  
  70  7:12  Viking  
  70  7:13  SCV x2, Siege Tank  
  70  7:15  Barracks Reactor  
  73  7:18  Barracks Reactor  
  73  7:21  SCV  
  74  7:26  SCV  
  74  7:29  Marine  
  76  7:31  Terran Infantry Weapons Level 1  
  76  7:32  SCV, Barracks  
  76  7:33  Barracks  
  76  7:36  Terran Infantry Armor Level 1  
  77  7:38  SCV  
  77  7:40  SCV  
  77  7:42  Refinery  
  79  7:44  SCV  
  79  7:45  Refinery  
  79  7:47  Supply Depot, Marine  
  79  7:49  Supply Depot  
  81  7:51  SCV  
  81  7:52  SCV, Marine  
  81  7:56  SCV  
  81  7:58  Siege Tank  
  88  8:01  Marine  
  88  8:03  SCV  
  88  8:04  SCV  
  88  8:05  Marine x2  
  91  8:08  SCV  
  91  8:09  Liberator  
  91  8:10  Marine  
  93  8:15  Combat Shield, SCV  
  93  8:16  SCV, Marine  
  93  8:19  Marine  
  98  8:20  SCV  
  98  8:22  Barracks Reactor x2  
  101  8:28  SCV x2, Marine  
  101  8:29  Marine x2  
  101  8:32  SCV  
  107  8:34  Marine  
  107  8:37  Marine  
  107  8:40  SCV x2  
  111  8:41  Siege Tank  
  111  8:46  Marine  
  111  8:47  Marine x2  
  117  9:03  Command Center  
  117  9:13  Marine x5  
  117  9:14  Siege Tank  
  125  9:19  Marine  
  125  9:22  Marine x3  
  115  9:28  SCV  
  116  9:31  Medivac x2, Marine x5  
  125  9:41  Marine x2  
  125  9:43  Marine x2  
  120  9:46  Siege Tank  
  120  9:48  SCV x3  
  120  9:49  Marine  
  125  9:56  Marine x2  
  125  9:58  Marine  
  125  10:02  Supply Depot  
  125  10:03  Supply Depot  
  125  10:04  Marine x4  
  125  10:05  Medivac x2, Supply Depot x3  
  133  10:12  Marine  
  133  10:13  Marine  
  130  10:14  Marine x2  
  130  10:16  Marine  
  130  10:18  Siege Tank  
  123  10:22  Marine x4  
  123  10:25  SCV  
  128  10:29  Marine  
  128  10:30  Planetary Fortress  
  128  10:31  Marine  
  128  10:33  SCV x2  
  128  10:35  Medivac x2  
  132  10:37  Marine  
  132  10:38  Marine x2  
  132  10:39  Armory  
  132  10:40  Marine  
  136  10:43  Marine  
  136  10:45  Marine x2  
  136  10:49  SCV, Marine x2  
  141  10:50  Siege Tank  
  141  10:52  SCV  
  141  10:55  Marine x2  
  141  10:56  Marine  
  149  10:58  Marine  
  149  11:01  Marine  
  148  11:05  Marine  
  148  11:08  Marine x2  
  148  11:10  Marine  
  145  11:13  Marine x3  
  145  11:15  SCV  
  145  11:16  Marine  
  145  11:17  Refinery  
  150  11:19  Marine  
  150  11:22  Siege Tank  
  150  11:23  Marine  
  150  11:25  Terran Infantry Weapons Level 2  
  155  11:26  Terran Infantry Armor Level 2, Marine x2  
  155  11:28  Marine  
  155  11:31  Marine x3  
  161  11:33  Marine  
  161  11:37  Marine  
  160  11:41  Marine  
  160  11:44  Marine x2  
  160  11:46  Supply Depot, Marine  
  164  11:47  Supply Depot x2  
  164  11:49  Marine x3  
  164  11:51  Marine  
  164  11:54  Factory, Marine, Siege Tank  
  167  11:56  Refinery  
  167  11:58  Marine  
  172  12:01  Marine  
  172  12:02  Marine  
  172  12:03  Marine  
  172  12:04  Terran Vehicle Weapons Level 1  
  172  12:07  Marine x3  
  175  12:09  Marine  
  157  12:18  Marine x2  
  157  12:19  Marine x2  
  161  12:25  Marine x2  
  161  12:26  Marine  
  161  12:28  Sensor Tower  
  164  12:31  Marine  
  164  12:32  Siege Tank  
  164  12:33  Sensor Tower, Marine  
  164  12:36  Marine x2  
  169  12:37  Marine x2  
  169  12:43  Marine  
  160  12:46  Marine x2  
  160  12:48  Factory Tech Lab  
  160  12:49  Marine  
  160  12:50  Viking x2  
  154  12:51  Marine  
  154  12:54  Starport, Marine x2  
  154  12:55  Starport, Marine  
  154  12:56  Marine  
  158  13:01  Marine  
  158  13:04  Marine, Siege Tank  
  156  13:06  Marine  
  156  13:07  Marine  
  155  13:13  Siege Tank  
  155  13:15  Marine x3  
  155  13:16  Marine x2  
  155  13:19  Marine  
  164  13:22  Marine  
  164  13:24  Marine x2  
  166  13:32  Marine  
  166  13:33  Marine x3  
  166  13:34  Marine  
  162  13:35  Viking  
  162  13:36  Viking, Siege Tank  
  162  13:37  Marine  
  162  13:39  Viking  
  162  13:40  Marine  
  174  13:42  Marine x2  
  174  13:45  Siege Tank  
  156  13:50  Marine x3  
  156  13:51  Marine  
  156  13:52  Marine  
  156  13:54  Marine, Viking  
  163  13:57  Marine  
  163  14:00  Marine x2  
  166  14:05  Viking  
  166  14:06  Viking  
  166  14:08  Marine x3, Siege Tank  
  174  14:11  Marine x2  
  174  14:12  Marine  
  174  14:15  Marine  
  175  14:17  Siege Tank  
  175  14:18  Viking, Marine x2  
  182  14:24  Viking  
  182  14:26  Marine x3, Terran Infantry Armor Level 3  
  182  14:28  Marine  
  182  14:29  Marine  
  182  14:30  Marine  
  190  14:33  Marine  
  167  14:46  Marine  
  167  14:49  Marine, Siege Tank  
  167  14:50  Marine x2  
  167  14:52  Marine x4  
  156  14:54  Siege Tank  
  156  14:55  Marine  
  156  14:58  Medivac x2  
  156  14:59  Medivac  
  167  15:04  Marine  
  167  15:05  Command Center  
  168  15:08  Marine x2  
  170  15:17  Marine  
  170  15:18  Marine x4  
  175  15:21  Siege Tank  
  175  15:22  Terran Infantry Weapons Level 3  
  175  15:23  Terran Vehicle Weapons Level 2, Marine  
  175  15:24  Marine  
  175  15:26  Marine x2  
  182  15:35  Marine x2  
  182  15:36  Marine, Siege Tank  
  182  15:38  Marine x2  
  182  15:41  Marine x2  
  173  15:52  Marine x2  
  173  15:53  Siege Tank  
  173  15:57  Viking x2  
  179  16:00  Viking  
  183  16:08  Siege Tank  
  183  16:09  Marine  
  183  16:10  Marine  
  181  16:12  Marine  
  181  16:13  Marine  
  181  16:14  Marine x2  
  172  16:21  Marine  
  172  16:22  Marine  
  175  16:25  Siege Tank  
  175  16:28  Marine x3  
  175  16:30  Marine  
  175  16:31  Marine  
  166  16:40  Siege Tank  
  166  16:42  Marine x2  
  166  16:46  Marine x5  
  154  16:48  Marine  
  154  16:49  Marine  
  149  16:57  Siege Tank  
  149  17:00  Marine x2  
  154  17:03  Marine  
  154  17:07  Marine x2  
  150  17:08  Marine  
  150  17:10  Marine  
  150  17:12  Marine, Siege Tank  
  150  17:14  Marine  
  149  17:18  Marine x2  
  149  17:20  Viking  
  153  17:23  Viking  
  153  17:24  Marine  
  153  17:29  Siege Tank  
  159  17:30  Marine  
  159  17:32  Marine  
  159  17:34  Marine x2  
  160  17:38  Marine x2  
  160  17:39  Marine  
  160  17:40  Marine  
  160  17:43  Marine  
  165  17:44  Siege Tank  
  165  17:48  Marine  
  165  17:49  Marine  
  170  17:52  Marine x2  
  170  17:59  Marine  
  170  18:00  Marine  
  170  18:02  Marine, Siege Tank  
  170  18:03  Marine  
  170  18:05  Viking  
  179  18:11  Viking  
  176  18:20  Siege Tank  
  176  18:26  Marine  
  178  18:37  Marine  
  178  18:40  Marine x3  
  182  18:41  Marine  
Tags
 
Add a new tag
Caveats
  • Supply blocks, unpowered buildings, or Contaminate may cause inaccurate times.
  • Supply counts are checked every 10 seconds.